AoeStats
← Raiquen

Black Forest

509518776Analyzed
4v4 RM · 5d ago on Sep 27, 2026· 7m 11s· 8 players
Game mode
Random Map
Map size
Large (8 player)
Population
200
Speed
Normal
Resources
Standard
Victory
Conquest
Starting age
Dark Age
Ending age
Imperial Age
RankedLock teamsTeams togetherTeam positionsShared explorationLock speedFull tech treeHidden civsTurbo modeCheats
Victory
Defeat
🇵🇪 Italians · Peru
1008
+13
🇺🇸 Wei · United States
987
+13
🇺🇸 Spanish · United States
865
+18
🇨🇳 Khmer · China
792
+22
🇦🇷 Aztecs · Argentina
971
-18
🇵🇪 Japanese · Peru
951
-18
🇨🇱 Romans · Chile
894
-15
🇨🇱 Byzantines · Chile
877
-15
fapastengames
0:53 Loom
Joy Games Interactive
1:00 Loom
Blei Blei
1:14 Loom
Raiquen
3:59 Loom
D Fo REAL
0:27 Loom
teambagsflyin
0:48 Loom
Dylan-23
1:24 Loom
An
0:35 Loom
Connection lost

Rejoining the realm…

Still unreachable

The connection could not be restored.

Session expired

The server has moved on; the page needs a fresh start.